| TOP OF THE 1ST |
|
Brockton Rox batting - Pitching for Columbus Reds : RHP Jim Bartlet
|
|
Pitching: RHP Jim Bartlet
|
|
|
Batting: LHB Darby Starburster
|
0-0: Ball 1-0: Ball 2-0: Swinging Strike 2-1: Swinging Strike 2-2: SINGLE (Groundball, 4MD, EV 106.2 MPH) (infield hit)
|
|
Batting: LHB Joe Martens
|
0-0: Foul Ball, location: 2F 0-1: Called Strike 0-2: Strikes out swinging
|
|
Batting: LHB Isaiah Spitzbarth
|
0-0: Ball 1-0: Ball 2-0: Ball 3-0: Base on Balls Darby Starburster to second
|
|
Batting: RHB Matt Walker
|
0-0: Fly out, F8 (Line Drive, 78M, EV 97.5 MPH)
|
|
Batting: RHB Jose Blocker
|
0-0: Ball 1-0: Foul Ball, location: 2F 1-1: Ball 2-1: Swinging Strike 2-2: Foul Ball, location: 2F 2-2: Foul Ball, location: 2F 2-2: Strikes out swinging
|
| Top of the 1st over - 0 runs, 1 hit, 0 errors, 2 left on base; Brockton 0 - Columbus 0 |
| BOTTOM OF THE 1ST |
|
Columbus Reds batting - Pitching for Brockton Rox : RHP Nate Rollyson
|
|
Pitching: RHP Nate Rollyson
|
|
|
Batting: RHB Tony Camacho
|
0-0: Ball 1-0: Ball 2-0: Swinging Strike 2-1: Ground out U3 (Groundball, 34S, EV 86.2 MPH)
|
|
Batting: LHB Gabe Morales
|
0-0: Swinging Strike 0-1: Ball 1-1: Ball 2-1: Ball 3-1: Foul Ball, location: 2F 3-2: Strikes out swinging
|
|
Batting: RHB Aaron Barraza
|
0-0: Called Strike 0-1: Foul Ball, location: 2F 0-2: Ball 1-2: Foul Ball, location: 2F 1-2: Foul Ball, location: 2F 1-2: Ground out 6-3 (Groundball, 6, EV 97.5 MPH)
|
| Bottom of the 1st over - 0 runs, 0 hits, 0 errors, 0 left on base; Brockton 0 - Columbus 0 |
| TOP OF THE 2ND |
|
Brockton Rox batting - Pitching for Columbus Reds : RHP Jim Bartlet
|
|
Batting: SHB Zach Clark
|
0-0: Ball 1-0: Fly out, F8 (Flyball, 8LM, EV 76.2 MPH)
|
|
Batting: LHB Eddie Noon
|
0-0: Called Strike 0-1: Swinging Strike 0-2: Ball 1-2: Foul Ball, location: 2F 1-2: Strikes out swinging
|
|
Batting: SHB Mel Gonzalez
|
0-0: Ball 1-0: Ground out 5-3 (Groundball, 56, EV 88.8 MPH)
|
| Top of the 2nd over - 0 runs, 0 hits, 0 errors, 0 left on base; Brockton 0 - Columbus 0 |
| BOTTOM OF THE 2ND |
|
Columbus Reds batting - Pitching for Brockton Rox : RHP Nate Rollyson
|
|
Batting: RHB Matt Carman
|
0-0: Ball 1-0: Swinging Strike 1-1: Fly out, F8 (Flyball, 8RD, EV 86.2 MPH)
|
|
Batting: SHB Bill Dissette
|
0-0: Foul Ball, location: 2F 0-1: Called Strike 0-2: DOUBLE (Line Drive, 8LXD, EV 109.4 MPH)
|
|
Batting: RHB Cornholdo Schwerin
|
0-0: Ball 1-0: Fly out, F8 (Flyball, 8LD, EV 103.1 MPH)
|
|
Batting: SHB Colin Black
|
0-0: Ball 1-0: Called Strike 1-1: Ball 2-1: Foul Ball, location: 2F 2-2: Ball 3-2: Fly out, F8 (Flyball, 78XD, EV 100.6 MPH)
|
| Bottom of the 2nd over - 0 runs, 1 hit, 0 errors, 1 left on base; Brockton 0 - Columbus 0 |
| TOP OF THE 3RD |
|
Brockton Rox batting - Pitching for Columbus Reds : RHP Jim Bartlet
|
|
Batting: LHB Makoto Shimazu
|
0-0: Foul Ball, location: 2F 0-1: Foul Ball, location: 2F 0-2: Reached on error, E6 (Groundball, 56, EV 80.6 MPH)
|
|
Batting: LHB Darby Starburster
|
0-0: Fly out, F8 (Line Drive, 8RM, EV 101.9 MPH)
|
|
Batting: LHB Joe Martens
|
0-0: DOUBLE (Flyball, 9LM, EV 100.6 MPH) Makoto Shimazu to third
|
|
Batting: LHB Isaiah Spitzbarth
|
0-0: Ball 1-0: Called Strike 1-1: Called Strike 1-2: Fly out, F8 (Flyball, 8LS, EV 88.1 MPH)
|
|
Batting: RHB Matt Walker
|
0-0: Fly out, F9 (Flyball, 89M, EV 86.9 MPH)
|
| Top of the 3rd over - 0 runs, 1 hit, 1 error, 2 left on base; Brockton 0 - Columbus 0 |
| BOTTOM OF THE 3RD |
|
Columbus Reds batting - Pitching for Brockton Rox : RHP Nate Rollyson
|
|
Batting: RHB Nick Partain
|
0-0: Ball 1-0: SINGLE (Line Drive, 34, EV 95.0 MPH)
|
|
Batting: RHB Jorge Velez
|
0-0: Ball 1-0: Ball 2-0: Ball 3-0: Called Strike 3-1: Fly out, F7 (Flyball, 7, EV 88.8 MPH)
|
|
Batting: RHB Tony Camacho
|
0-0: Foul Ball, location: 2F 0-1: Called Strike 0-2: Grounds into double play, 4-6-3 (Groundball, 4, EV 110.6 MPH)
|
| Bottom of the 3rd over - 0 runs, 1 hit, 0 errors, 0 left on base; Brockton 0 - Columbus 0 |
| TOP OF THE 4TH |
|
Brockton Rox batting - Pitching for Columbus Reds : RHP Jim Bartlet
|
|
Batting: RHB Jose Blocker
|
0-0: Called Strike 0-1: SOLO HOME RUN (Flyball, 89XD, EV 110.6 MPH), Distance : 444 ft
|
|
Batting: SHB Zach Clark
|
0-0: Foul Ball, location: 2F 0-1: Foul Ball, location: 2F 0-2: Strikes out swinging
|
|
Batting: LHB Eddie Noon
|
0-0: Ball 1-0: Ball 2-0: Fly out, F9 (Line Drive, 9, EV 90.0 MPH)
|
|
Batting: SHB Mel Gonzalez
|
0-0: Ball 1-0: Called Strike 1-1: Ball 2-1: SINGLE (Flyball, 78S, EV 93.8 MPH)
|
|
Batting: LHB Makoto Shimazu
|
0-0: Ball 1-0: Ball 2-0: Swinging Strike 2-1: Called Strike 2-2: Ball 3-2: Base on Balls Mel Gonzalez to second
|
|
Batting: LHB Darby Starburster
|
0-0: Called Strike 0-1: Ball 1-1: Fly out, F7 (Line Drive, 78M, EV 95.0 MPH)
|
| Top of the 4th over - 1 run, 2 hits, 0 errors, 2 left on base; Brockton 1 - Columbus 0 |
| BOTTOM OF THE 4TH |
|
Columbus Reds batting - Pitching for Brockton Rox : RHP Nate Rollyson
|
|
Batting: LHB Gabe Morales
|
0-0: Bunted foul 0-1: Ball 1-1: Ball 2-1: Called Strike 2-2: Ball 3-2: Ground out 6-3 (Groundball, 6, EV 86.9 MPH)
|
|
Batting: RHB Aaron Barraza
|
0-0: Ball 1-0: Called Strike 1-1: Foul Ball, location: 2F 1-2: Foul Ball, location: 2F 1-2: Ball 2-2: Ball 3-2: Base on Balls
|
|
Batting: RHB Matt Carman
|
0-0: Ball 1-0: DOUBLE (Groundball, 5L, EV 103.1 MPH) Aaron Barraza to third Runner from 3rd tries for Home, SAFE, throw by LF to home
|
|
Batting: SHB Bill Dissette
|
0-0: Ball 1-0: Called Strike 1-1: Swinging Strike 1-2: Foul Ball, location: 2F 1-2: Foul Ball, location: 2F 1-2: Strikes out looking
|
|
Batting: RHB Cornholdo Schwerin
|
0-0: Fly out, F8 (Line Drive, 8RM, EV 95.6 MPH)
|
| Bottom of the 4th over - 1 run, 1 hit, 0 errors, 1 left on base; Brockton 1 - Columbus 1 |
| TOP OF THE 5TH |
|
Brockton Rox batting - Pitching for Columbus Reds : RHP Jim Bartlet
|
|
Batting: LHB Joe Martens
|
0-0: Ball 1-0: Foul Ball, location: 2F 1-1: Foul Ball, location: 2F 1-2: Strikes out swinging
|
|
Batting: LHB Isaiah Spitzbarth
|
0-0: Ground out 6-3 (Groundball, P, EV 90.0 MPH)
|
|
Batting: RHB Matt Walker
|
0-0: Ball 1-0: Fly out, F3 (Popup, 3S, EV 73.1 MPH)
|
| Top of the 5th over - 0 runs, 0 hits, 0 errors, 0 left on base; Brockton 1 - Columbus 1 |
| BOTTOM OF THE 5TH |
|
Columbus Reds batting - Pitching for Brockton Rox : RHP Nate Rollyson
|
|
Batting: SHB Colin Black
|
0-0: Called Strike 0-1: Ball 1-1: Ground out 6-3 (Groundball, 4MD, EV 106.9 MPH)
|
|
Batting: RHB Nick Partain
|
0-0: Called Strike 0-1: Ball 1-1: Ball 2-1: SINGLE (Line Drive, 78S, EV 106.9 MPH)
|
|
Batting: RHB Jorge Velez
|
0-0: Ball 1-0: Ball 2-0: Foul Ball, location: 2F 2-1: Ball 3-1: Base on Balls Nick Partain to second
|
|
Batting: RHB Tony Camacho
|
0-0: Ball 1-0: Ball 2-0: Foul Ball, location: 2F 2-1: Ball 3-1: Base on Balls Nick Partain to third Jorge Velez to second
|
|
Batting: LHB Gabe Morales
|
0-0: Swinging Strike 0-1: Ball 1-1: Swinging Strike 1-2: Strikes out swinging
|
|
Pitching: RHP Wu-sheng Zi
|
|
|
Batting: RHB Aaron Barraza
|
0-0: Called Strike 0-1: Foul Ball, location: 2F 0-2: Ball 1-2: Ball 2-2: Foul Ball, location: 2F 2-2: Foul Ball, location: 2F 2-2: Foul Ball, location: 2F 2-2: Ball 3-2: SINGLE (Line Drive, 4D, EV 97.5 MPH) Nick Partain scores Jorge Velez to third Tony Camacho to second Jorge Velez scores Tony Camacho to third
|
|
Batting: RHB Matt Carman
|
0-0: Ball 1-0: Swinging Strike 1-1: Swinging Strike 1-2: Strikes out looking
|
| Bottom of the 5th over - 2 runs, 2 hits, 0 errors, 2 left on base; Brockton 1 - Columbus 3 |
| TOP OF THE 6TH |
|
Brockton Rox batting - Pitching for Columbus Reds : RHP Jim Bartlet
|
|
Batting: RHB Jose Blocker
|
0-0: Called Strike 0-1: Ball 1-1: Fly out, F9 (Line Drive, 89M, EV 103.1 MPH)
|
|
Batting: SHB Zach Clark
|
0-0: SINGLE (Line Drive, 89S, EV 98.1 MPH)
|
|
Batting: LHB Eddie Noon
|
0-0: Ball 1-0: Ball 2-0: Foul Ball, location: 2F 2-1: Swinging Strike 2-2: Strikes out swinging
|
|
Batting: SHB Mel Gonzalez
|
0-0: Ball 1-0: Ball 2-0: Ball 3-0: Base on Balls Zach Clark to second
|
|
Batting: LHB Makoto Shimazu
|
0-0: Ball 1-0: Ball 2-0: Ground out 4-3 (Groundball, 4, EV 79.4 MPH)
|
| Top of the 6th over - 0 runs, 1 hit, 0 errors, 2 left on base; Brockton 1 - Columbus 3 |
| BOTTOM OF THE 6TH |
|
Columbus Reds batting - Pitching for Brockton Rox : RHP Wu-sheng Zi
|
|
Batting: SHB Bill Dissette
|
0-0: Ball 1-0: Called Strike 1-1: Foul Ball, location: 2F 1-2: Strikes out looking
|
|
Batting: RHB Cornholdo Schwerin
|
0-0: Called Strike 0-1: Called Strike 0-2: Ball 1-2: Ball 2-2: Strikes out looking
|
|
Batting: SHB Colin Black
|
0-0: SINGLE (Line Drive, 9LS, EV 92.5 MPH)
|
|
Batting: RHB Nick Partain
|
0-0: Ball 1-0: Foul Ball, location: 2F 1-1: Ground out 4-3 (Groundball, 4, EV 83.8 MPH)
|
| Bottom of the 6th over - 0 runs, 1 hit, 0 errors, 1 left on base; Brockton 1 - Columbus 3 |
| TOP OF THE 7TH |
|
Brockton Rox batting - Pitching for Columbus Reds : RHP Jim Bartlet
|
|
Batting: LHB Darby Starburster
|
0-0: Called Strike 0-1: Ball 1-1: Fly out, F8 (Line Drive, 8LM, EV 111.9 MPH)
|
|
Batting: LHB Joe Martens
|
0-0: Ball 1-0: Ball 2-0: Ball 3-0: Called Strike 3-1: Ground out U3 (Groundball, 3, EV 104.4 MPH)
|
|
Batting: LHB Isaiah Spitzbarth
|
0-0: Foul Ball, location: 2F 0-1: Foul Ball, location: 2F 0-2: SINGLE (Groundball, 6S, EV 73.8 MPH) (infield hit)
|
|
Batting: RHB Matt Walker
|
0-0: Ball 1-0: Fly out, F7 (Flyball, 7S, EV 95.0 MPH)
|
| Top of the 7th over - 0 runs, 1 hit, 0 errors, 1 left on base; Brockton 1 - Columbus 3 |
| BOTTOM OF THE 7TH |
|
Columbus Reds batting - Pitching for Brockton Rox : RHP Wu-sheng Zi
|
|
Batting: RHB Jorge Velez
|
0-0: Called Strike 0-1: Swinging Strike 0-2: Strikes out swinging
|
|
Batting: RHB Tony Camacho
|
0-0: Ball 1-0: Called Strike 1-1: Ball 2-1: Foul Ball, location: 2F 2-2: Ground out 6-3 (Groundball, 6, EV 81.9 MPH)
|
|
Batting: LHB Gabe Morales
|
0-0: Ground out 1-3 (Groundball, 15S, EV 70.6 MPH)
|
| Bottom of the 7th over - 0 runs, 0 hits, 0 errors, 0 left on base; Brockton 1 - Columbus 3 |
| TOP OF THE 8TH |
|
Brockton Rox batting - Pitching for Columbus Reds : RHP Jim Bartlet
|
|
Batting: RHB Jose Blocker
|
0-0: Called Strike 0-1: Swinging Strike 0-2: Strikes out swinging
|
|
Batting: SHB Zach Clark
|
0-0: Foul Ball, location: 2F 0-1: Swinging Strike 0-2: Ball 1-2: Strikes out swinging
|
|
Batting: LHB Eddie Noon
|
0-0: Ball 1-0: Fly out, F8 (Flyball, 78M, EV 80.0 MPH)
|
| Top of the 8th over - 0 runs, 0 hits, 0 errors, 0 left on base; Brockton 1 - Columbus 3 |
| BOTTOM OF THE 8TH |
|
Columbus Reds batting - Pitching for Brockton Rox : RHP Wu-sheng Zi
|
|
Batting: RHB Aaron Barraza
|
0-0: Called Strike 0-1: Ball 1-1: Foul Ball, location: 2F 1-2: Foul Ball, location: 2F 1-2: Foul Ball, location: 2F 1-2: Ground out 6-3 (Groundball, 6, EV 109.4 MPH)
|
|
Batting: RHB Matt Carman
|
0-0: Swinging Strike 0-1: Ball 1-1: Called Strike 1-2: Foul Ball, location: 2F 1-2: Ball 2-2: Ball 3-2: Base on Balls
|
|
Pitching: LHP Brad Victor
|
|
|
Batting: SHB Bill Dissette
|
0-0: Foul Ball, location: 2F 0-1: Grounds into double play, 5-4-3 (Groundball, 56S, EV 90.6 MPH)
|
| Bottom of the 8th over - 0 runs, 0 hits, 0 errors, 0 left on base; Brockton 1 - Columbus 3 |
| TOP OF THE 9TH |
|
Brockton Rox batting - Pitching for Columbus Reds : RHP Jim Bartlet
|
|
Pitching: RHP Jaiden Triplett
|
|
|
Pinch Hitting: RHB Kyle Franken
|
0-0: Ball 1-0: Foul Ball, location: 2F 1-1: Called Strike 1-2: Ball 2-2: SOLO HOME RUN (Flyball, 89XD, EV 109.4 MPH), Distance : 429 ft
|
|
Pinch Hitting: LHB Jim Connel
|
0-0: Ball 1-0: Fly out, F7 (Flyball, 7D, EV 108.1 MPH)
|
|
Pinch Hitting: RHB Rob Romero
|
0-0: SINGLE (Groundball, 34, EV 96.2 MPH)
|
|
Batting: LHB Joe Martens
|
0-0: Ball 1-0: Called Strike 1-1: Foul Ball, location: 2F 1-2: Ball 2-2: Ground out 5-3 (Groundball, P, EV 89.4 MPH) Rob Romero to second
|
|
Batting: LHB Isaiah Spitzbarth
|
0-0: Swinging Strike 0-1: Ball 1-1: Foul Ball, location: 2F 1-2: Ball 2-2: Ball 3-2: Base on Balls
|
|
Batting: RHB Matt Walker
|
0-0: Foul Ball, location: 2F 0-1: Fly out, F8 (Flyball, 8RD, EV 94.4 MPH)
|
| Top of the 9th over - 1 run, 2 hits, 0 errors, 2 left on base; Brockton 2 - Columbus 3 |
|